 Dungeon Crawl Stone Soup version 0.28.0-43-g3370ac3207 (webtiles) character file.

Game seed: 11154134902926088034

249 fknight the Skirmisher (level 6, -1/72 HPs)
             Began as a Human Berserker on Mar 16, 2022.
             Was a Believer of Trog.
             Slain by a gnoll
             ... wielding a +0 flail
              (4 damage)
             ... on level 4 of the Dungeon.
             The game lasted 00:04:38 (2607 turns).

fknight the Skirmisher (Human Berserker)            Turns: 2607, Time: 00:04:38

Health: -1/72      AC:  3    Str: 19    XL:     6   Next: 35%
Magic:  6/6        EV: 12    Int:  7    God:    Trog [**....]
Gold:   184        SH:  0    Dex: 13    Spells: 5/5 levels left

rFire   . . .      SeeInvis .   a - +0 spear
rCold   . . .      Faith    .   e - orb {light}
rNeg    . . .      Spirit   .   k - +0 leather armour
rPois   .          Reflect  .   (no helmet)
rElec   .          Harm     .   (no cloak)
rCorr   .          Rampage  .   (no gloves)
Will    ++...                   (no boots)
Stlth   ..........              (no amulet)
HPRegen 1.22/turn               (no ring)
MPRegen 0.10/turn               (no ring)

@: berserking (expiring), strong-willed (expiring), regenerating (expiring),
glowing, very quick
A: no striking features
a: Renounce Religion, Berserk, Trog's Hand


You were on level 4 of the Dungeon.
You worshipped Trog.
Trog was pleased with you.
You visited 1 branch of the dungeon, and saw 4 of its levels.

You collected 184 gold pieces.

Inventory:

Hand Weapons
 a - a +0 spear (weapon)
 f - a +2 hunting sling of freezing
Missiles
 d - 101 stones (quivered)
 l - 5 poisoned darts
Armour
 b - a +0 animal skin
 e - an orb of light (worn)
 i - a +0 robe of fire resistance
 k - a +0 leather armour (worn)
Scrolls
 g - a scroll of enchant weapon {unknown}
 h - a scroll of immolation {unknown}
Potions
 c - a potion of magic {unknown}
 j - a potion of resistance {unknown}


   Skills:
 + Level 4.2 Fighting
 + Level 4.2 Polearms
 + Level 3.4 Armour
 + Level 3.4 Dodging


You had 5 spell levels left.
You didn't know any spells.
Your spell library was empty.

Dungeon Overview and Level Annotations

Branches:
Dungeon (4/15)
 Temple: D:4-7

Altars:
Qazlal
Ru


Message History

The gnoll hits you with a +0 whip.
You puncture the gnoll!
The gnoll is almost dead.
The gnoll closely misses you. The gnoll misses you.
You puncture the gnoll!
You kill the gnoll!
Trog accepts your kill. The gnoll closely misses you.
You hit the ogre.
The ogre is moderately wounded.
The gnoll closely misses you. x2; The gnoll misses you.
The gnoll barely misses you.
You puncture the ogre!
The ogre is severely wounded.
You feel the effects of Trog's Hand fading.
The ogre hits you with a +0 giant spiked club!
The gnoll misses you. The gnoll hits you with a +0 flail.
The gnoll hits you from afar with a +0 halberd!
You puncture the ogre!
You kill the ogre!
Trog accepts your kill.
The gnoll hits you from afar with a +0 spear.
The gnoll misses you.
Your Fighting skill increases to level 4!
Your Polearms skill increases to level 4!
You have reached level 6!
You hit the gnoll but do no damage. The gnoll hits you with a +0 flail!
The gnoll hits you from afar with a +0 halberd.
The gnoll closely misses you.
The gnoll hits you with a +1 flail of protection!
* * * LOW HITPOINT WARNING * * *
The gnoll misses you.
You are too injured to fight recklessly!
Unknown command.
The gnoll hits you with a +0 flail.
* * * LOW HITPOINT WARNING * * *
The gnoll hits you with a +0 flail.
* * * LOW HITPOINT WARNING * * *
The gnoll barely misses you. The gnoll hits you with a +0 flail.
You die...

..# .# # #.# .###
.. #.##... .
..####.#... ...
.......#
....##...g#####..
......gg)g.....#.
#.....@g<.......
#.#....g........
#.............
########.##... .#
.. ## #


You could see 6 gnolls.

Vanquished Creatures
  An ogre (D:4)
  A bullfrog (D:3)
  A gnoll (D:4)
  4 adders
  A worm (D:2)
  4 dart slugs
  3 ball pythons (D:1)
  5 bats
  6 endoplasms
  A giant cockroach (D:1)
  4 goblins
  6 hobgoblins
  2 frilled lizards
  4 kobolds
  4 rats
47 creatures vanquished.

Notes
Turn   | Place    | Note
-------+----------+-------------------------------------------
     0 | D:1      | fknight the Human Berserker began the quest for the Orb.
     0 | D:1      | Reached XP level 1. HP: 18/18 MP: 1/1
   125 | D:1      | Reached XP level 2. HP: 24/24 MP: 2/2
   313 | D:1      | Reached XP level 3. HP: 28/29 MP: 3/3
   407 | D:1      | Reached ** piety under Trog
   560 | D:1      | Found a faded altar of an unknown god.
  1417 | D:2      | Reached XP level 4. HP: 32/35 MP: 4/4
  1925 | D:3      | Found a stormy altar of Qazlal.
  2081 | D:3      | Noticed a bullfrog
  2089 | D:3      | Killed a bullfrog
  2090 | D:3      | Reached XP level 5. HP: 28/42 MP: 5/5
  2385 | D:3      | Found a sacrificial altar of Ru.
  2596 | D:4      | Noticed an ogre
  2605 | D:4      | Killed an ogre
  2606 | D:4      | Reached XP level 6. HP: 40/48 MP: 6/6
  2607 | D:4      | HP: 3/72 [gnoll/+0 flail (4)]
  2607 | D:4      | Slain by a gnoll

Illustrated notes

Levels and vault maps discovered:
D:1:      shiori_shiawase, layout_rooms, nicolae_ecumenical_lake_church
D:2:      layout_loops_corners
D:3:      layout_basic, nicolae_ru_great_annihilating_truth,
          grunt_qazlal_sundering, nicolae_concentric_dashed_squares_mild,
          minmay_misc_feat_columns
D:4:      layout_rooms, nicolae_ashenzari_skybound, minitemple,
          mainiacjoe_overflow_boulevard, minmay_shop_mass

Skill      XL: |  1  2  3  4  5 |
---------------+----------------+-----
Armour         | 3 |  3.4
Dodging        | 3 |  3.4
Fighting       | 4 |  4.2
Polearms       | 4 |  4.2

Action                   |  1- 3 |  4- 6 || total
-------------------------+-------+-------++-------
Melee: Spear             |    95 |    54 ||   149
Invok: Berserk           |       |     1 ||     1
       Trog's Hand       |       |     1 ||     1
 Stab: Paralysed         |       |     1 ||     1
Armor: Animal skin       |    14 |     4 ||    18
       Leather armour    |       |     8 ||     8
Dodge: Dodged            |    41 |    41 ||    82
